 Dungeon Crawl Stone Soup version 0.30-a0-632-g346586fe48 (webtiles) character file.

Game seed: 6775799210816269051

32 Leeroy the Slasher (level 3, -5/21 HPs)
             Began as a Tengu Warper on Jan 13, 2023.
             Killed from afar by Terence (22 damage)
             ... with a bolt of light
             ... on level 2 of the Dungeon.
             The game lasted 00:01:04 (1045 turns).

Leeroy the Slasher (Tengu Warper)                   Turns: 1045, Time: 00:01:05

Health: -5/21      AC:  3    Str: 11    XL:     3   Next: 27%
Magic:  7/7        EV: 12    Int: 13    God:
Gold:   25         SH:  0    Dex: 15    Spells: 4/6 levels left

rFire   . . .      SeeInvis .    a - +0 falchion
rCold   . . .      Faith    .    (no shield)
rNeg    . . .      Spirit   .    b - +0 leather armour
rPois   .          Reflect  .    (helmet restricted)
rElec   .          Harm     .    (no cloak)
rCorr   .          Rampage  .    (no gloves)
Will    .....                    (boots unavailable)
Stlth   +                        (no amulet)
HPRegen 0.23/turn                (no ring)
MPRegen 0.10/turn                (no ring)

@: confused
A: beak, talons 3
a: no special abilities


You were on level 2 of the Dungeon.
You visited 1 branch of the dungeon, and saw 2 of its levels.

You collected 25 gold pieces.

Inventory:

Hand Weapons
 a - a +0 falchion (weapon)
 h - a +2 vampiric dagger
Missiles
 d - 7 boomerangs of dispersal (quivered)
Armour
 b - a +0 leather armour (worn)
Scrolls
 c - a scroll of blinking
 e - a scroll of amnesia {unknown}
 f - a scroll of identify {unknown}
 g - a scroll of immolation {unknown}
 k - a scroll of teleportation {unknown}
Potions
 i - a potion of degeneration {unknown}
 j - a potion of curing {unknown}
 l - a potion of attraction {unknown}


   Skills:
 - Level 2.0 Fighting
 + Level 4.0 Long Blades
 - Level 1.0 Throwing
 - Level 1.1 Armour
 - Level 2.1 Dodging
 - Level 2.0 Spellcasting
 - Level 2.4 Translocations


You had 4 spell levels left.
You knew the following spells:

 Your Spells              Type           Power      Damage    Failure   Level
a - Blink                 Tloc           14%        N/A       19%         2

Your spell library contained the following spells:

 Spells                   Type           Power      Damage    Failure   Level
 Lesser Beckoning         Tloc           14%        N/A       36%         3
 Teleport Other           Tloc           7%         N/A       36%         3
 Vhi's Electric Charge    Tloc/Air       8%         N/A       52%         3
 Manifold Assault         Tloc           7%         N/A       77%         4
 Storm Form               Tmut/Air       0%         N/A       100%        7


Dungeon Overview and Level Annotations

Branches:
Dungeon (2/15)

Altars:

Annotations:
D:2 Terence


Innate Abilities, Weirdness & Mutations

You have a beak for a mouth.
You have claws for feet.


Message History

The ball python closely misses you. The ball python grabs you.
The ball python constricts you. The ball python bites you.
The ball python constricts you.
You closely miss the ball python. You claw the ball python.
You kill the ball python!
No target in view!
No target in view!
No target in view!
No target in view!
Found a faded altar of an unknown god.
Found 4 stones.
No target in view!
Found a leather armour.
l - a sedimented yellow potion You see here 4 stones.
A hobgoblin comes into view.
The hobgoblin shouts!
You hear a shout!
The hobgoblin moves out of view.
No target in view!
Terence the Incautious comes into view.
He is wielding a +0 flail and carrying a wand of light (5).
Terence shouts!
There are monsters nearby!
The hobgoblin hits you.
You closely miss the hobgoblin.
You peck the hobgoblin, but do no damage.
The hobgoblin hits you.
You hit Terence. You peck Terence, but do no damage.
Terence is lightly wounded.
The hobgoblin completely misses you. Terence barely misses you.
You closely miss Terence. You claw Terence.
Terence is moderately wounded.
The hobgoblin hits you but does no damage.
Terence hits you with a +0 flail.
You closely miss Terence.
Terence is moderately wounded.
The hobgoblin closely misses you. Terence misses you.
Terence zaps a wand.
The bolt of light hits you!!
You are confused.
Ouch! That really hurt!
You die...

#...# #..... #...#
#.#..# #####...#
#.....
#.....#########..
#...(............
+.............†..
#..............#.
######..............#.
#...g@..[...........#.
#...@...###.........#.
#.......# #'########.
#.......# '# #.
#.......# . #'
#.......# .. #.......#
#.......#


You could see Terence and a hobgoblin.

Vanquished Creatures
  A dart slug (D:1)
  4 ball pythons
  5 bats (D:1)
  3 endoplasms
  2 giant cockroaches (D:1)
  2 goblins (D:1)
  5 hobgoblins
  2 frilled lizards
  A kobold (D:1)
  3 rats (D:1)
28 creatures vanquished.

Notes
Turn   | Place    | Note
-------+----------+-------------------------------------------
     0 | D:1      | Leeroy the Tengu Warper began the quest for the Orb.
     0 | D:1      | Reached XP level 1. HP: 12/12 MP: 4/4
    42 | D:1      | Reached XP level 2. HP: 13/17 MP: 6/6
    80 | D:1      | Reached skill level 3 in Long Blades
   149 | D:1      | Learned a level 2 spell: Blink
   396 | D:1      | Reached XP level 3. HP: 13/21 MP: 7/7
   989 | D:2      | Reached skill level 4 in Long Blades
  1025 | D:2      | Found a faded altar of an unknown god.
  1039 | D:2      | Noticed Terence
  1045 | D:2      | Killed from afar by Terence

Illustrated notes

Levels and vault maps discovered:
D:1:      roderic_octagonal_star, layout_loops_ring
D:2:      layout_basic, chequers_ecumenical_altar_island, uniq_terence

Skill      XL: |  1  2  3 |
---------------+----------+-----
Long Blades    | 3 4 |  4.0
Fighting       | |  2.0
Throwing       | |  1.0
Armour         | |  1.1
Dodging        | |  2.1
Spellcasting   | |  2.0
Translocations | |  2.4

Action                   || total
-------------------------++-------
Melee: Falchion          ||    67
       Kick              ||    13
       Peck              ||     5
       Punch             ||     1
 Stab: Sleeping          ||     2
Armor: Leather armour    ||    27
Dodge: Dodged            ||    50

Table legend: (Time is in decaauts)
 A = Elapsed time spent in this place.
 B = Non-inter-level travel time spent in this place.
 C = Inter-level travel time spent in this place.
 D = Time resting spent in this place.
 E = Time spent auto-exploring this place.
 F = Levels seen in this place.
 G = Mean time per level.
                   A        B        C        D        E       F      G
               +--------+--------+--------+--------+--------+-----+--------+
         Total |   1053 |   1035 |     18 |      0 |    858 |   2 |  526.5 |
       Dungeon |   1053 |   1035 |     18 |      0 |    858 |   2 |  526.5 |
               +--------+--------+--------+--------+--------+-----+--------+

Top non-repeatable levels by time:
     D:1: 824 daAuts
     D:2: 229 daAuts
